 Dungeon Crawl Stone Soup version 0.25-a0-290-g4a1327ee3a (webtiles) character file.

Game seed: 15913771341177258679, levelgen mode: deterministic

210 night the Vexing (level 5, -2/38 HPs)
             Began as a Vampire Enchanter on Dec 14, 2019.
             Slain by a fire bat (3 damage)
             ... on level 4 of the Dungeon.
             The game lasted 00:10:32 (3100 turns).

night the Vexing (Vampire Enchanter)                Turns: 3100, Time: 00:10:33

Health: -2/38      AC:  4    Str:  7    XL:     5   Next: 57%
Magic:  5/9        EV: 13    Int: 18    God:
Gold:   113        SH:  0    Dex: 15    Spells: 4/10 levels left

rFire    + + .     SeeInvis +   l - +4 falchion (slice)
rCold    . . .     Gourm    .   (no shield)
rNeg     . . .     Faith    .   b - +0 robe
rPois    +         Spirit   .   d - +0 helmet
rElec    +         Reflect  .   o - +0 cloak
rCorr    +         Harm     .   (no gloves)
MR       .....                  (no boots)
Stlth    +++.......             k - amulet of rage
HPRegen  0.32/turn              j - ring of fire
MPRegen  0.11/turn              (no ring)

@: resistant, regenerating quickly
A: no food, fangs 3, see invisible, unbreathing
a: Exsanguinate, Evoke Berserk Rage


You were on level 4 of the Dungeon.
You were alive.

You visited 1 branch of the dungeon, and saw 4 of its levels.

You collected 113 gold pieces.

Inventory:

Hand Weapons
 a - a +1 dagger
 l - a +4 falchion of slicing (weapon)
Missiles
 e - 135 stones (quivered)
Armour
 b - a +0 robe (worn)
 d - a +0 helmet (worn)
 o - a +0 cloak (worn)
 q - a +0 buckler
Jewellery
 j - a ring of fire (left hand)
 k - an amulet of rage (around neck)
 s - a +3 ring of strength {unknown}
Scrolls
 c - 2 scrolls of immolation {unknown}
 f - a scroll of magic mapping {unknown}
 h - a scroll of fog {unknown}
 i - a scroll of identify {unknown}
 p - 2 scrolls of remove curse {unknown}
 r - 2 scrolls of teleportation {unknown}
Potions
 g - 2 potions of brilliance
 m - 2 potions of flight {unknown}
 n - a potion of heal wounds
 u - 2 potions of curing {unknown}


   Skills:
 + Level 1.7 Fighting
 - Level 2.3(2.5) Short Blades
 + Level 1.2(1.9) Long Blades
 - Level 2.1 Dodging
 - Level 4.4 Stealth
 + Level 3.0 Spellcasting
 * Level 6.6 Hexes


You had 4 spell levels left.
You knew the following spells:

 Your Spells              Type           Power        Failure   Level  Hunger
a - Corona                Hex            ####...      1%          1    N/A
b - Ensorcelled Hibernat  Hex/Ice        ##....       6%          2    N/A
c - Confuse               Hex            ####....     3%          3    N/A

Your spell library contained the following spells:

 Spells                   Type           Power        Failure   Level  Hunger
 Tukima's Dance           Hex            ####....     3%          3    N/A
 Dazzling Flash           Conj/Hex       ##....       12%         3    N/A

Dungeon Overview and Level Annotations

Branches:
Dungeon (4/15)
 Temple: D:4-7

Altars:

Annotations:
D:4 1 transporter


Innate Abilities, Weirdness & Mutations

You do not eat.
Your natural rate of healing is unusually fast.
You have razor-sharp teeth.
You have supernaturally acute eyesight. (SInv)
You can survive without breathing.


Message History

You bite the fire bat, but do no damage.
The fire bat is almost dead.
The fire bat bites you.
You are engulfed in flames.
You resist.
The fire bat bites you but does no damage.
You hit the fire bat but do no damage. Your bite misses the fire bat.
The fire bat is almost dead.
The fire bat bites you.
You are engulfed in flames.
You resist.
* * * LOW HITPOINT WARNING * * *
The fire bat closely misses you.
Unknown command.
You miss the fire bat.
The fire bat is almost dead.
The fire bat bites you.
* * * LOW HITPOINT WARNING * * *
You are engulfed in flames.
You resist.
* * * LOW HITPOINT WARNING * * *
The fire bat misses you. The fire bat bites you.
* * * LOW HITPOINT WARNING * * *
You are engulfed in flames.
You resist.
You die...

###.. #.'.. #.#.. #####
#.#.. #°°°○ ########
###.#.# #○°○°☼#☼°°°°☼#
#...#..
#○○°☼°#°☼°☼○°#####...###
#%$.°☼○.#.#○°#.......#
#©[.°☼b@.b©☼°#©..#####
#$$.☼°○.#.#○°#..##
#°○○°☼#°°☼°°○#..#
#°☼°☼.#°○°°○°#### #°°°°
######## ##### #########
####### #.....)..
#.....# #.####.<.


You could see 2 fire bats.

Vanquished Creatures
  Natasha (twice) (D:4)
  A worker ant (D:2)
  Terence (D:2)
  6 adders
  A worm (D:2)
  A dart slug (D:3)
  An orc (D:3)
  5 bats
  2 giant cockroaches
  7 goblins
  5 hobgoblins
  6 jackals
  10 kobolds
  3 frilled lizards
  4 rats
55 creatures vanquished.

Notes
Turn   | Place    | Note
-------+----------+-------------------------------------------
     0 | D:1      | night the Vampire Enchanter began the quest for the Orb.
     0 | D:1      | Reached XP level 1. HP: 13/13 MP: 3/3
   369 | D:1      | Reached XP level 2. HP: 17/19 MP: 3/5
   390 | D:1      | Learned a level 2 spell: Ensorcelled Hibernation
  1173 | D:2      | Reached skill level 5 in Hexes
  1392 | D:2      | Reached XP level 3. HP: 23/25 MP: 1/6
  1497 | D:2      | HP: 1/25 [jackal (1)]
  1654 | D:2      | Found a faded altar of an unknown god.
  1661 | D:2      | Reached skill level 1 in Fighting
  1757 | D:2      | Noticed Terence
  1816 | D:2      | Killed Terence
  1816 | D:2      | Reached XP level 4. HP: 32/32 MP: 3/7
  1950 | D:2      | Learned a level 3 spell: Confuse
  1987 | D:2      | Reached skill level 6 in Hexes
  2613 | D:3      | Reached XP level 5. HP: 37/37 MP: 6/9
  2913 | D:4      | Noticed Natasha
  2915 | D:4      | Killed Natasha
  2915 | D:4      | Reached skill level 1 in Long Blades
  2983 | D:4      | Noticed Natasha
  2995 | D:4      | Killed Natasha
  3067 | D:4      | Found a transporter.
  3082 | D:4      | Found a transporter.
  3082 | D:4      | Noticed a fire bat
  3082 | D:4      | Noticed a fire bat
  3100 | D:4      | HP: 1/38 [fire bat (4)]
  3100 | D:4      | Slain by a fire bat

Levels and vault maps discovered:
D:1:      lightli_arrival_maybe_door_vault, layout_loops_corners
D:2:      layout_loops_ring, chequers_ecumenical_altar_simple_redux,
          uniq_terence
D:3:      layout_basic, first_ration
D:4:      gammafunk_cloud_chamber, layout_basic, uniq_natasha

Skill      XL: |  1  2  3  4  5 |
---------------+----------------+-----
Hexes          | 5 6 |  6.6
Short Blades   | 2 |  2.3
Fighting       | 1 |  1.7
Long Blades    | 1 |  1.2
Spellcasting   | 3 |  3.0
Dodging        | |  2.1
Stealth        | |  4.4

Action                   |  1- 3 |  4- 6 || total
-------------------------+-------+-------++-------
Melee: Dagger            |   127 |     2 ||   129
       Bite              |     7 |     7 ||    14
       Falchion          |       |    58 ||    58
 Cast: Corona            |    23 |     1 ||    24
       Ensorcelled Hiber |    17 |    17 ||    34
       Confuse           |       |     2 ||     2
  Use: Potion            |     2 |     2 ||     4
 Stab: Sleeping          |    10 |    15 ||    25
       Confused          |       |     1 ||     1
Armor: Robe              |    39 |    20 ||    59
Dodge: Dodged            |   111 |    48 ||   159
       Rpst.: Falchion   |       |    13 ||    13

Table legend:
 A = Non-vault XP
 B = Vault XP
 C = Vault XP percentage of total XP
 D = Non-vault monster count
 E = Vault monster count
 F = Vault count percentage of total count
                 A         B        C        D         E       F
            +---------+---------+-------+---------+---------+-------
      Total |     234 |      67 |  22.3 |      53 |       2 |   3.6
            +---------+---------+-------+---------+---------+-------
        D:1 |      25 |       0 |   0.0 |      15 |       0 |   0.0
        D:2 |     118 |      32 |  21.3 |      22 |       1 |   4.3
        D:3 |      52 |       0 |   0.0 |      15 |       0 |   0.0
        D:4 |      39 |      35 |  47.3 |       1 |       1 |  50.0
            +---------+---------+-------+---------+---------+-------
